 Dungeon Crawl Stone Soup version 0.21.1-1-g345015f (webtiles) character file.

60 Monsterracer the Shooter (level 3, -6/30 HPs)
             Began as a Demigod Hunter on Feb 12, 2018.
             Mangled by a gnoll
             ... wielding a +0 club
              (9 damage)
             ... on level 2 of the Dungeon.
             The game lasted 00:02:53 (1610 turns).

Monsterracer the Shooter (Demigod Hunter)           Turns: 1610, Time: 00:02:54

Health: -6/30      AC:  4    Str: 17    XL:     3   Next: 55%
Magic:  5/5        EV: 12    Int: 15    God:
Gold:   90         SH:  0    Dex: 16    Spells: 2/2 levels left

rFire    . . .     SeeInvis .   a - +1 shortbow
rCold    . . .     Gourm    .   (shield currently unavailable)
rNeg     . . .     Faith    .   f - +0 leather armour
rPois    .         Spirit   .   (no helmet)
rElec    .         Reflect  .   (no cloak)
rCorr    .         Harm     .   i - +0 pair of gloves
MR       .....                  (no boots)
Stlth    ++........             (no amulet)
HPRegen  0.10/turn              (no ring)
MPRegen  0.09/turn              (no ring)

@: drained
A: high mp 1
a: no special abilities


You were on level 2 of the Dungeon.
You were not hungry.

You visited 1 branch of the dungeon, and saw 2 of its levels.

You collected 90 gold pieces.

Inventory:

Hand Weapons
 a - a +1 shortbow (weapon)
 b - a +0 short sword
Missiles
 d - 26 arrows (quivered)
Armour
 f - a +0 leather armour (worn)
 i - a +0 pair of gloves (worn)
Potions
 k - 2 potions of haste
 m - a potion of curing {unknown}
 o - a potion of degeneration {unknown}
Comestibles
 c - 3 rations


   Skills:
 + Level 2.4 Fighting
 * Level 4.5(4.4) Bows
 + Level 2.1(2.0) Dodging
 - Level 0.8 Stealth


You had 2 spell levels left.
You didn't know any spells.

Dungeon Overview and Level Annotations

Branches:
Dungeon (2/15)


Innate Abilities, Weirdness & Mutations

You have an increased reservoir of magic. (+10% MP)


Message History

You shoot an arrow. The arrow hits the gnoll.
The gnoll is almost dead.
A gnoll comes into view. It is wielding a club.
Firing (i - inventory):
d - 40 arrows (quivered)
Press: ? - help, Shift-Dir - straight line, f/p - gnoll
Aim: a gnoll, wielding a spear (almost dead)
You shoot an arrow. The arrow closely misses the gnoll.
Firing (i - inventory):
d - 39 arrows (quivered)
Press: ? - help, Shift-Dir - straight line, f/p - gnoll
Aim: a gnoll, wielding a dagger of draining (moderately wounded)
You shoot an arrow. The arrow hits the gnoll!
The gnoll is almost dead.
The gnoll hits you with a dagger of draining.
You feel drained.
You take 5 damage, and have 19/24 hp.
MASSIVE DAMAGE!!
Firing (i - inventory):
d - 38 arrows (quivered)
Press: ? - help, Shift-Dir - straight line, f/p - gnoll
Aim: a gnoll, wielding a dagger of draining (almost dead)
You shoot an arrow. The arrow hits the gnoll.
You kill the gnoll!
You have reached level 3!
Your experience leads to a dramatic increase in your attributes!
Increase (S)trength, (I)ntelligence, or (D)exterity?
You feel stronger. x2
The gnoll hits you from afar with a spear!
You take 2 damage, and have 17/30 hp.
MP restored: 5 You are too injured to fight recklessly!
You are too injured to fight recklessly!
Firing (i - inventory):
d - 37 arrows (quivered)
Press: ? - help, Shift-Dir - straight line, f - gnoll
Aim: a gnoll, wielding a spear (almost dead)
You shoot an arrow. The arrow hits the gnoll.
You kill the gnoll!
Your base Dodging skill increases to level 2!
Unknown command.
Firing (i - inventory):
d - 36 arrows (quivered)
Press: ? - help, Shift-Dir - straight line, f - gnoll
Aim: a gnoll, wielding a club You shoot an arrow.
The arrow hits the gnoll.
The gnoll is moderately wounded.
Firing (i - inventory):
d - 35 arrows (quivered)
Press: ? - help, Shift-Dir - straight line, f/p - gnoll
Aim: a gnoll, wielding a club (moderately wounded)
You shoot an arrow.
The arrow hits the gnoll but does no damage.
The gnoll is moderately wounded.
The gnoll barely misses you.
Firing (i - inventory):
d - 34 arrows (quivered)
Press: ? - help, Shift-Dir - straight line, f/p - gnoll
Aim: a gnoll, wielding a club (moderately wounded)
You shoot an arrow. The arrow hits the gnoll!
The gnoll is severely wounded.
The gnoll hits you but does no damage.
Firing (i - inventory):
d - 33 arrows (quivered)
Press: ? - help, Shift-Dir - straight line, f/p - gnoll
Aim: a gnoll, wielding a club (severely wounded)
You shoot an arrow. The arrow hits the gnoll!
You kill the gnoll!
All of the chunks of flesh in your inventory have rotted away.
Firing (i - inventory):
d - 32 arrows (quivered)
Press: ? - help, Shift-Dir - straight line, f - gnoll
Aim: a gnoll, wielding a club You shoot an arrow.
The arrow hits the gnoll.
The gnoll is moderately wounded.
The gnoll closely misses you.
Firing (i - inventory):
d - 31 arrows (quivered)
Press: ? - help, Shift-Dir - straight line, f/p - gnoll
Aim: a gnoll, wielding a club (moderately wounded)
You shoot an arrow. The arrow barely misses the gnoll.
The gnoll hits you with a club!
* * * LOW HITPOINT WARNING * * *
You take 10 damage, and have 8/30 hp.
MASSIVE DAMAGE!!
Firing (i - inventory):
d - 30 arrows (quivered)
Press: ? - help, Shift-Dir - straight line, f/p - gnoll
Aim: a gnoll, wielding a club (moderately wounded)
You shoot an arrow. The arrow completely misses the gnoll.
The gnoll hits you with a club.
* * * LOW HITPOINT WARNING * * *
You take 4 damage, and have 4/30 hp.
Firing (i - inventory):
d - 29 arrows (quivered)
Press: ? - help, Shift-Dir - straight line, f/p - gnoll
Aim: a gnoll, wielding a club (moderately wounded)
You shoot an arrow. The arrow barely misses the gnoll.
The gnoll hits you with a club.
* * * LOW HITPOINT WARNING * * *
You take 1 damage, and have 3/30 hp.
Firing (i - inventory):
d - 28 arrows (quivered)
Press: ? - help, Shift-Dir - straight line, f/p - gnoll
Aim: a gnoll, wielding a club (moderately wounded)
You shoot an arrow. The arrow barely misses the gnoll.
The gnoll completely misses you.
Firing (i - inventory):
d - 27 arrows (quivered)
Press: ? - help, Shift-Dir - straight line, f/p - gnoll
Aim: a gnoll, wielding a club (moderately wounded)
You shoot an arrow.
The arrow hits the gnoll but does no damage.
The gnoll is moderately wounded.
The gnoll hits you with a club!
You die...

#.........#
+....(....+
#.........#
#...(...# #.(...#
#..(# ##(## #g#
#@# ##.## ##...##
##.....# ##.....##
###.......########
..................
###.......########
##.....##


You could see a gnoll.

Vanquished Creatures
  3 gnolls (D:2)
  A worm (D:2)
  A dart slug (D:1)
  2 ball pythons (D:1)
  3 bats (D:1)
  2 giant cockroaches (D:1)
  5 goblins
  A hobgoblin (D:2)
  3 kobolds (D:1)
  2 frilled lizards (D:1)
  5 rats
28 creatures vanquished.

Notes
Turn   | Place    | Note
-------+----------+-------------------------------------------
     0 | D:1      | Monsterracer the Demigod Hunter began the quest for the Orb.
     0 | D:1      | Reached XP level 1. HP: 17/17 MP: 3/3
   333 | D:1      | Reached XP level 2. HP: 23/24 MP: 4/4
   436 | D:1      | Reached skill level 4 in Bows
  1255 | D:1      | You fall through a shaft!
  1599 | D:2      | Reached XP level 3. HP: 24/30 MP: 5/5
  1606 | D:2      | HP: 8/30 [gnoll/club (10)]
  1608 | D:2      | HP: 3/30 [gnoll/club (1)]
  1610 | D:2      | Mangled by a gnoll

Skill      XL: |  1  2  3 |
---------------+----------+-----
Fighting       | 2 |  2.4
Bows           | 4 |  4.5
Dodging        | 2 |  2.1
Stealth        | |  0.8

Action                   || total
-------------------------++-------
Melee: Short sword       ||    75
 Fire: Shortbow          ||    25
  Use: Scroll            ||     5
 Stab: Sleeping          ||     1
  Eat: Chunk             ||     2
Armor: Leather armour    ||    20
Dodge: Dodged            ||    61

Vault maps used:
D:1:      dpeg_arrival_subterranean_lakeside_camping, minivault_27
D:2:      first_ration
